| TOP OF THE 1ST |
|
Montreal Expos batting - Pitching for Baltimore Orioles : RHP Kevin Cushman
|
|
Pitching: RHP Kevin Cushman
|
|
|
Batting: RHB C.J. Beavers
|
0-0: Ball 1-0: Ball 2-0: Called Strike 2-1: Bunt for hit to 13S - play at first, batter safe!
|
|
Batting: RHB Robby Juarez
|
0-0: Ball 1-0: Foul Ball, location: 2F 1-1: Ball 2-1: Ball 3-1: Foul Ball, location: 2F 3-2: Strikes out swinging
|
|
Batting: LHB Austin Ohmer
|
0-0: Ball 1-0: Fly out, F9 (Flyball, 89D, EV 98.8 MPH)
|
|
Batting: RHB Mike Salmon
|
0-0: Foul Ball, location: 2F 0-1: SINGLE (Groundball, 6D, EV 95.0 MPH) C.J. Beavers to second Runner from 2nd tries for 3rd, SAFE, throw by CF made to third
|
|
Batting: RHB Steve French
|
0-0: Swinging Strike 0-1: Ball 1-1: Foul Ball, location: 2F 1-2: Ball 2-2: Foul Ball, location: 2F 2-2: Strikes out looking
|
| Top of the 1st over - 0 runs, 2 hits, 0 errors, 2 left on base; Montreal 0 - Baltimore 0 |
| BOTTOM OF THE 1ST |
|
Baltimore Orioles batting - Pitching for Montreal Expos : LHP Kyle Schlosschlonghair
|
|
Pitching: LHP Kyle Schlosschlonghair
|
|
|
Batting: RHB Jesse Basich
|
0-0: Ball 1-0: Ball 2-0: Ball 3-0: Called Strike 3-1: Base on Balls
|
|
Batting: SHB Robert Handy
|
0-0: Ball 1-0: Swinging Strike 1-1: Ball 2-1: Swinging Strike 2-2: Grounds into double play, 3-6-3 (Groundball, 3, EV 81.2 MPH)
|
|
Batting: RHB Saimei Kudo
|
0-0: Called Strike 0-1: Swinging Strike 0-2: Foul Ball, location: 2F 0-2: Strikes out swinging
|
| Bottom of the 1st over - 0 runs, 0 hits, 0 errors, 0 left on base; Montreal 0 - Baltimore 0 |
| TOP OF THE 2ND |
|
Montreal Expos batting - Pitching for Baltimore Orioles : RHP Kevin Cushman
|
|
Batting: LHB Steve Anderson
|
0-0: Fly out, F8 (Flyball, 8LXD, EV 86.9 MPH)
|
|
Batting: RHB John Ham
|
0-0: Called Strike 0-1: Swinging Strike 0-2: Strikes out swinging
|
|
Batting: RHB Eugênio Asceno
|
0-0: Ball 1-0: Called Strike 1-1: Hit by Pitch
|
|
Batting: RHB Danny Diaz
|
0-0: Called Strike 0-1: Foul Ball, location: 2F 0-2: Ball 1-2: Fielders Choice at 2nd, 6-4 (Groundball, 6, EV 84.4 MPH)
|
| Top of the 2nd over - 0 runs, 0 hits, 0 errors, 1 left on base; Montreal 0 - Baltimore 0 |
| BOTTOM OF THE 2ND |
|
Baltimore Orioles batting - Pitching for Montreal Expos : LHP Kyle Schlosschlonghair
|
|
Batting: RHB Blake Ballard
|
0-0: Ball 1-0: Called Strike 1-1: SOLO HOME RUN (Flyball, 78XD, EV 96.2 MPH), Distance : 378 ft
|
|
Batting: LHB Jesus Lozano
|
0-0: Called Strike 0-1: Ground out 1-3 (Groundball, 13, EV 66.9 MPH)
|
|
Batting: RHB Marc Peckermark
|
0-0: Called Strike 0-1: SINGLE (Groundball, 4MS, EV 63.1 MPH) (infield hit)
|
|
Batting: RHB Muneer Maudad
|
0-0: Called Strike 0-1: Foul Ball, location: 2F 0-2: Ball 1-2: Foul Ball, location: 2F 1-2: Strikes out swinging
|
|
Batting: SHB Aldo Questi
|
0-0: Fly out, F4 (Popup, 23, EV 91.2 MPH)
|
| Bottom of the 2nd over - 1 run, 2 hits, 0 errors, 1 left on base; Montreal 0 - Baltimore 1 |
| TOP OF THE 3RD |
|
Montreal Expos batting - Pitching for Baltimore Orioles : RHP Kevin Cushman
|
|
Batting: RHB C.J. Beavers
|
0-0: Called Strike 0-1: Ground out U3 (Groundball, 3S, EV 93.8 MPH)
|
|
Batting: RHB Robby Juarez
|
0-0: Ball 1-0: Foul Ball, location: 2F 1-1: Ball 2-1: Foul Ball, location: 2F 2-2: Fly out, F9 (Flyball, 9LS, EV 93.1 MPH)
|
|
Batting: LHB Austin Ohmer
|
0-0: Fly out, F4 (Popup, 4S, EV 64.4 MPH)
|
| Top of the 3rd over - 0 runs, 0 hits, 0 errors, 0 left on base; Montreal 0 - Baltimore 1 |
| BOTTOM OF THE 3RD |
|
Baltimore Orioles batting - Pitching for Montreal Expos : LHP Kyle Schlosschlonghair
|
|
Batting: RHB Mike Hayward
|
0-0: Called Strike 0-1: Ball 1-1: Ball 2-1: Foul Ball, location: 2F 2-2: SINGLE (Groundball, 5S, EV 73.1 MPH) (infield hit)
|
|
Batting: RHB Jesse Basich
|
0-0: Foul Ball, location: 2F 0-1: Ball 1-1: Sac Bunt to 3S - play at first, batter OUT! 3-1 Mike Hayward to second
|
|
Batting: SHB Robert Handy
|
0-0: Called Strike 0-1: Ground out 5-3 (Groundball, 56S, EV 86.2 MPH)
|
|
Batting: RHB Saimei Kudo
|
0-0: Called Strike 0-1: Called Strike 0-2: SINGLE (Groundball, 56S, EV 68.8 MPH) (infield hit) Mike Hayward to third
|
|
Batting: RHB Blake Ballard
|
0-0: Swinging Strike 0-1: Called Strike 0-2: Strikes out looking
|
| Bottom of the 3rd over - 0 runs, 2 hits, 0 errors, 2 left on base; Montreal 0 - Baltimore 1 |
| TOP OF THE 4TH |
|
Montreal Expos batting - Pitching for Baltimore Orioles : RHP Kevin Cushman
|
|
Batting: RHB Mike Salmon
|
0-0: Ball 1-0: Ball 2-0: Ball 3-0: Called Strike 3-1: Base on Balls
|
|
Batting: RHB Steve French
|
0-0: Foul Ball, location: 2F 0-1: Ball 1-1: Called Strike 1-2: Ball 2-2: Foul Ball, location: 2F 2-2: SINGLE (Line Drive, 7S, EV 98.8 MPH) Mike Salmon to second Runner from 2nd tries for 3rd, OUT! 7-5
|
|
Batting: LHB Steve Anderson
|
0-0: Swinging Strike 0-1: Foul Ball, location: 2F 0-2: Ball 1-2: Foul Ball, location: 2F 1-2: Foul Ball, location: 2F 1-2: Ball 2-2: Ball 3-2: Foul Ball, location: 2F 3-2: Foul Ball, location: 2F 3-2: Foul Ball, location: 2F 3-2: 2-RUN HOME RUN (Flyball, 9LD, EV 93.1 MPH), Distance : 354 ft
|
|
Batting: RHB John Ham
|
0-0: Swinging Strike 0-1: Ball 1-1: Called Strike 1-2: Ball 2-2: Strikes out swinging
|
|
Batting: RHB Eugênio Asceno
|
0-0: Ball 1-0: Ball 2-0: Ball 3-0: Called Strike 3-1: Foul Ball, location: 2F 3-2: Ground out 6-3 (Groundball, 56, EV 103.8 MPH)
|
| Top of the 4th over - 2 runs, 2 hits, 0 errors, 0 left on base; Montreal 2 - Baltimore 1 |
| BOTTOM OF THE 4TH |
|
Baltimore Orioles batting - Pitching for Montreal Expos : LHP Kyle Schlosschlonghair
|
|
Batting: LHB Jesus Lozano
|
0-0: Called Strike 0-1: Ball 1-1: Swinging Strike 1-2: Foul Ball, location: 2F 1-2: Ball 2-2: Strikes out swinging, 2-3 out at first.
|
|
Batting: RHB Marc Peckermark
|
0-0: Called Strike 0-1: Foul Ball, location: 2F 0-2: Ball 1-2: Ball 2-2: Strikes out looking
|
|
Batting: RHB Muneer Maudad
|
0-0: Ball 1-0: Called Strike 1-1: Called Strike 1-2: SINGLE (Groundball, 34D, EV 95.6 MPH)
|
|
Batting: SHB Aldo Questi
|
0-0: Ball 1-0: Swinging Strike 1-1: Ball 2-1: Foul Ball, location: 2F 2-2: Foul Ball, location: 2F 2-2: Foul Ball, location: 2F 2-2: Ball 3-2: Ground out U3 (Groundball, 13, EV 80.0 MPH)
|
| Bottom of the 4th over - 0 runs, 1 hit, 0 errors, 1 left on base; Montreal 2 - Baltimore 1 |
| TOP OF THE 5TH |
|
Montreal Expos batting - Pitching for Baltimore Orioles : RHP Kevin Cushman
|
|
Batting: RHB Danny Diaz
|
0-0: Ball 1-0: Ball 2-0: Called Strike 2-1: Called Strike 2-2: Ball 3-2: Foul Ball, location: 2F 3-2: Ground out 4-3 (Groundball, 34, EV 82.5 MPH)
|
|
Batting: RHB C.J. Beavers
|
0-0: Fly out, F8 (Line Drive, 8LM, EV 98.8 MPH)
|
|
Batting: RHB Robby Juarez
|
0-0: Called Strike 0-1: Called Strike 0-2: Ball 1-2: Hit by Pitch
|
|
Batting: LHB Austin Ohmer
|
0-0: Called Strike 0-1: Foul Ball, location: 2F 0-2: 2-RUN HOME RUN (Flyball, 9D, EV 103.8 MPH), Distance : 391 ft
|
|
Batting: RHB Mike Salmon
|
0-0: Called Strike 0-1: Called Strike 0-2: Ball 1-2: Ground out 2-3 (Groundball, 15S, EV 64.4 MPH)
|
| Top of the 5th over - 2 runs, 1 hit, 0 errors, 0 left on base; Montreal 4 - Baltimore 1 |
| BOTTOM OF THE 5TH |
|
Baltimore Orioles batting - Pitching for Montreal Expos : LHP Kyle Schlosschlonghair
|
|
Batting: RHB Mike Hayward
|
0-0: Ball 1-0: Ground out 5-3 (Groundball, 56S, EV 66.9 MPH)
|
|
Batting: RHB Jesse Basich
|
0-0: Ground out 4-3 (Groundball, 34D, EV 106.9 MPH)
|
|
Batting: SHB Robert Handy
|
0-0: Ball 1-0: SINGLE (Flyball, 4D, EV 80.6 MPH) - OUT at second base trying to stretch hit.
|
| Bottom of the 5th over - 0 runs, 1 hit, 0 errors, 0 left on base; Montreal 4 - Baltimore 1 |
| TOP OF THE 6TH |
|
Montreal Expos batting - Pitching for Baltimore Orioles : RHP Kevin Cushman
|
|
Batting: RHB Steve French
|
0-0: Called Strike 0-1: Called Strike 0-2: Strikes out looking
|
|
Batting: LHB Steve Anderson
|
0-0: Ball 1-0: Ball 2-0: Swinging Strike 2-1: Foul Ball, location: 2F 2-2: Ball 3-2: Ground out 3-1 (Groundball, 34, EV 90.0 MPH)
|
|
Batting: RHB John Ham
|
0-0: Called Strike 0-1: Foul Ball, location: 2F 0-2: Ball 1-2: Strikes out swinging
|
| Top of the 6th over - 0 runs, 0 hits, 0 errors, 0 left on base; Montreal 4 - Baltimore 1 |
| BOTTOM OF THE 6TH |
|
Baltimore Orioles batting - Pitching for Montreal Expos : LHP Kyle Schlosschlonghair
|
|
Batting: RHB Saimei Kudo
|
0-0: Ball 1-0: Ball 2-0: Ball 3-0: Base on Balls
|
|
Batting: RHB Blake Ballard
|
0-0: Grounds into double play, 5-4-3 (Groundball, 56, EV 88.8 MPH)
|
|
Batting: LHB Jesus Lozano
|
0-0: Foul Ball, location: 2F 0-1: Ball 1-1: Swinging Strike 1-2: Strikes out swinging
|
| Bottom of the 6th over - 0 runs, 0 hits, 0 errors, 0 left on base; Montreal 4 - Baltimore 1 |
| TOP OF THE 7TH |
|
Montreal Expos batting - Pitching for Baltimore Orioles : RHP Kevin Cushman
|
|
Pitching: RHP Jay Rapini
|
|
|
Batting: RHB Eugênio Asceno
|
0-0: Foul Ball, location: 2F 0-1: Foul Ball, location: 2F 0-2: Strikes out looking
|
|
Batting: RHB Danny Diaz
|
0-0: SINGLE (Line Drive, 7LS, EV 92.5 MPH)
|
|
Batting: RHB C.J. Beavers
|
0-0: Called Strike Danny Diaz steals 2nd base (no throw) 0-1: Foul Ball, location: 2F 0-2: Ball 1-2: Ball 2-2: Fly out, F4 (Popup, 4MD, EV 51.2 MPH)
|
|
Batting: RHB Robby Juarez
|
0-0: Called Strike 0-1: Ball 1-1: Ball 2-1: Foul Ball, location: 2F 2-2: Ball 3-2: Strikes out looking
|
| Top of the 7th over - 0 runs, 1 hit, 0 errors, 1 left on base; Montreal 4 - Baltimore 1 |
| BOTTOM OF THE 7TH |
|
Baltimore Orioles batting - Pitching for Montreal Expos : LHP Kyle Schlosschlonghair
|
|
Batting: RHB Marc Peckermark
|
0-0: Called Strike 0-1: Foul Ball, location: 2F 0-2: Ball 1-2: Foul Ball, location: 2F 1-2: Strikes out swinging
|
|
Batting: RHB Muneer Maudad
|
0-0: Swinging Strike 0-1: Ball 1-1: Ball 2-1: Ball 3-1: SOLO HOME RUN (Flyball, 7LD, EV 96.2 MPH), Distance : 357 ft
|
|
Batting: SHB Aldo Questi
|
0-0: Swinging Strike 0-1: Called Strike 0-2: Ball 1-2: Ball 2-2: Foul Ball, location: 2F 2-2: DOUBLE (Line Drive, 89XD, EV 110.0 MPH)
|
|
Batting: RHB Mike Hayward
|
0-0: Called Strike 0-1: Ball 1-1: Fly out, F8 (Flyball, 8RXD, EV 84.4 MPH) Runner from 2nd tags up, SAFE at 3rd, no throw by CF
|
|
Batting: RHB Jesse Basich
|
0-0: Ball 1-0: Ball Wild Pitch! Aldo Questi scores 2-0: Called Strike 2-1: Ball 3-1: Foul Ball, location: 2F 3-2: Foul Ball, location: 2F 3-2: Foul Ball, location: 2F 3-2: Fly out, F7 (Flyball, 78D, EV 80.6 MPH)
|
| Bottom of the 7th over - 2 runs, 2 hits, 0 errors, 0 left on base; Montreal 4 - Baltimore 3 |
| TOP OF THE 8TH |
|
Montreal Expos batting - Pitching for Baltimore Orioles : RHP Jay Rapini
|
|
Batting: LHB Austin Ohmer
|
0-0: Called Strike 0-1: Ball 1-1: Ball 2-1: Ball 3-1: Foul Ball, location: 2F 3-2: Base on Balls
|
|
Batting: RHB Mike Salmon
|
0-0: Called Strike 0-1: Swinging Strike 0-2: Ball 1-2: Ball 2-2: Ball 3-2: Base on Balls Austin Ohmer to second
|
|
Batting: RHB Steve French
|
0-0: Ball 1-0: Ball 2-0: Called Strike 2-1: Foul Ball, location: 2F 2-2: Strikes out swinging
|
|
Batting: LHB Steve Anderson
|
0-0: Foul Ball, location: 2F 0-1: Foul Ball, location: 2F 0-2: Ball 1-2: Foul Ball, location: 2F 1-2: Ball 2-2: Strikes out looking
|
|
Pinch Hitting: SHB Pete Barutha
|
0-0: Called Strike 0-1: Swinging Strike 0-2: Ball 1-2: Ball 2-2: Strikes out swinging
|
| Top of the 8th over - 0 runs, 0 hits, 0 errors, 2 left on base; Montreal 4 - Baltimore 3 |
| BOTTOM OF THE 8TH |
|
Baltimore Orioles batting - Pitching for Montreal Expos : LHP Kyle Schlosschlonghair
|
|
Pitching: LHP Anass Rhammar
|
|
|
Now in LF: Pete Barutha
|
|
|
Batting: SHB Robert Handy
|
0-0: Ball 1-0: Foul Ball, location: 2F 1-1: Foul Ball, location: 2F 1-2: Ball 2-2: Ball 3-2: Strikes out swinging
|
|
Batting: RHB Saimei Kudo
|
0-0: Called Strike 0-1: Ball 1-1: Ball 2-1: Ball 3-1: Foul Ball, location: 2F 3-2: Foul Ball, location: 2F 3-2: Fly out, F9 (Flyball, 9, EV 75.6 MPH)
|
|
Batting: RHB Blake Ballard
|
0-0: Ball 1-0: Foul Ball, location: 2F 1-1: Foul Ball, location: 2F 1-2: SINGLE (Groundball, 5S, EV 73.8 MPH) (infield hit)
|
|
Batting: RHB Andres Leon
|
0-0: Ball 1-0: Foul Ball, location: 2F 1-1: Foul Ball, location: 2F 1-2: Foul Ball, location: 2F 1-2: 2-RUN HOME RUN (Flyball, 78XD, EV 92.5 MPH), Distance : 371 ft
|
|
Batting: RHB Marc Peckermark
|
0-0: Fly out, F4 (Popup, 23, EV 85.6 MPH)
|
| Bottom of the 8th over - 2 runs, 2 hits, 0 errors, 0 left on base; Montreal 4 - Baltimore 5 |
| TOP OF THE 9TH |
|
Montreal Expos batting - Pitching for Baltimore Orioles : RHP Jay Rapini
|
|
Pitching: RHP Riso Profanter
|
|
|
Now in LF: Gabe Pace
|
|
|
Batting: RHB Eugênio Asceno
|
0-0: Ball 1-0: Ball 2-0: Called Strike 2-1: Swinging Strike 2-2: Strikes out looking
|
|
Pinch Hitting: RHB Hugo Bautista
|
0-0: Ball 1-0: Ball 2-0: Called Strike 2-1: Foul Ball, location: 2F 2-2: Ball 3-2: Ground out 2-3 (Groundball, 15S, EV 70.6 MPH)
|
|
Batting: RHB C.J. Beavers
|
0-0: Ball 1-0: Foul Ball, location: 2F 1-1: Fly out, F9 (Flyball, 9S, EV 98.8 MPH)
|
| Top of the 9th over - 0 runs, 0 hits, 0 errors, 0 left on base; Montreal 4 - Baltimore 5 |
|